Map: Void Thrashing

Players

cojmar

  • Race: Zerg Zerg
  • Spawn Location: 6:00

IcyWind

  • Race: Protoss Protoss
  • Spawn Location: 9:00

VOD

Have the link to the VOD?

Description

Time

  • Played on: March 3, 2021, 7:06 a.m.
  • Length: 19:13
Show
View Real Time Build Order
Export as new Build Order

cojmar Zerg 

Build Orders:  

Get SALT Encoding   

  6  0:11  Drone x2  
  6  0:19  Drone x2  
  8  0:31  Drone x2  
  8  0:38  Drone x2  
  10  0:48  Drone x2  
  11  0:56  Drone x2  
  12  1:36  Extractor  
  11  1:41  Extractor  
  11  2:12  Drone x2  
  11  2:13  Drone x4  
  14  2:37  Spawning Pool  
  13  3:36  Lair, Baneling Nest  
  13  3:37  Overlord  
  13  3:38  Overlord, Evolution Chamber  
  13  3:39  Overlord  
  12  3:40  Evolution Chamber  
  12  3:53  Metabolic Boost  
  12  4:10  Drone x2  
  12  4:12  Drone x2  
  12  4:13  Centrifical Hooks  
  16  5:08  Hive  
  18  5:42  Overlord  
  18  5:43  Overlord x3  
  18  6:05  Medusa Blades, Heroic Fortitude  
  22  6:43  Scourge Nest, Overseer x3  
  22  6:45  Overseer  
  21  7:05  Corrosive Acid  
  25  7:42  Unknown  
  25  8:01  Zerg Ground Armor Level 1  
  25  8:06  Hardened Carapace  
  27  8:11  Drone x2  
  27  8:16  Virulent Spores  
  28  8:35  Rupture  
  23  9:09  Overlord x2  
  25  9:10  Overlord x2  
  25  9:12  Drone x2  
  26  9:20  Hatchery  
  26  9:22  Hatchery  
  26  9:23  Hatchery  
  25  9:36  Hatchery  
  26  9:41  Roach x8  
  26  9:42  Roach x12  
  26  9:46  Swarmling x3  
  26  9:47  Swarmling x9  
  32  10:07  Unknown  
  20  10:30  Ventral Sacs  
  20  10:48  Zerg Ground Armor Level 2  
  19  10:51  Simplified Genome  
  19  10:53  Adrenal Overload  
  19  10:59  Swarmling x3  
  21  11:00  Swarmling x15  
  21  11:01  Swarmling x6  
  21  11:02  Overlord  
  21  11:03  Overlord x3  
  35  11:51  Zerg Flyer Weapons Level 1  
  35  11:53  Shredding Claws  
  35  12:34  Overseer x4  
  35  12:36  Overlord x2  
  35  12:37  Overlord x5  
  35  12:38  Overlord  
  37  12:42  Swarmling x6  
  37  12:43  Swarmling x60  
  72  13:34  Roach x10  
  72  13:35  Roach x10  
  74  13:58  Unknown  
  28  14:24  Swarmling x3  
  28  14:25  Swarmling x27  
  28  14:26  Swarmling x60  
  70  14:54  Zerg Ground Armor Level 3  
  49  15:46  Swarmling x3  
  49  15:47  Swarmling x3  
  49  15:48  Swarmling x24  
  49  15:49  Swarmling x33  
  80  15:52  Scourge x8  
  80  15:53  Scourge x10  
  90  16:14  Overseer x2  
  90  16:15  Overseer x2  
  90  16:16  Overlord x2  
  90  16:17  Overlord x2  
  91  17:01  Scourge x2  
  91  17:02  Scourge x12  
  91  17:03  Scourge x2  
  99  17:23  Artillery Ducts  
  99  17:48  Roach x6  
  99  17:49  Roach x14  
  61  18:32  Unknown  
  61  18:37  Swarmling x3  
  61  18:38  Swarmling x63  
  47  18:55  Swarmling x21  
  47  18:56  Swarmling x18  
Show
View Real Time Build Order
Export as new Build Order

IcyWind Protoss 

Build Orders:  

Get SALT Encoding   

  12  0:04  Probe (Chrono Boost)  
  13  0:18  Probe (Chrono Boost)  
  14  0:27  Pylon  
  14  0:31  Probe (Chrono Boost)  
  15  0:52  Probe (Chrono Boost)  
  15  0:55  Gateway  
  16  1:05  Probe (Chrono Boost)  
  17  1:18  Probe (Chrono Boost)  
  18  1:31  Probe (Chrono Boost)  
  19  1:44  Probe (Chrono Boost)  
  20  1:57  Probe (Chrono Boost)  
  21  2:06  Pylon  
  21  2:08  Cybernetics Core  
  21  2:10  Probe (Chrono Boost)  
  22  2:23  Probe (Chrono Boost)  
  23  2:34  Pylon  
  23  2:36  Pylon  
  23  2:39  Pylon  
  23  2:40  Probe (Chrono Boost)  
  9  2:58  Probe (Chrono Boost)  
  3  3:22  Probe (Chrono Boost)  
  3  3:23  Nexus  
  3  3:26  Pylon  
  4  3:42  Pylon  
  4  3:55  Probe (Chrono Boost)  
  5  4:04  Assimilator  
  5  4:08  Probe (Chrono Boost)  
  6  4:47  Probe (Chrono Boost)  
  7  4:52  Nexus  
  7  5:00  Probe (Chrono Boost)  
  8  5:13  Probe (Chrono Boost)  
  9  5:32  Probe x2 (Chrono Boost)  
  9  5:37  Assimilator  
  11  5:49  Probe (Chrono Boost)  
  12  5:50  Probe (Chrono Boost)  
  13  6:27  Probe x2 (Chrono Boost)  
  15  6:48  Probe (Chrono Boost)  
  15  6:49  Probe x2 (Chrono Boost)  
  18  6:53  Assimilator  
  18  6:54  Assimilator  
  18  6:55  Warp Gate  
  18  7:01  Probe (Chrono Boost)  
  18  7:02  Probe x2 (Chrono Boost)  
  21  7:14  Probe (Chrono Boost)  
  21  7:15  Probe x2 (Chrono Boost)  
  24  7:27  Probe (Chrono Boost)  
  25  7:30  Probe (Chrono Boost)  
  25  7:31  Probe (Chrono Boost)  
  27  7:40  Probe (Chrono Boost)  
  27  7:43  Probe (Chrono Boost)  
  27  7:45  Probe (Chrono Boost)  
  30  7:50  Assimilator  
  30  7:53  Probe (Chrono Boost)  
  30  7:56  Probe (Chrono Boost), Assimilator  
  32  8:04  Probe (Chrono Boost)  
  32  8:05  Mothership  
  32  8:06  Probe (Chrono Boost)  
  34  8:19  Probe (Chrono Boost)  
  35  8:20  Probe x2 (Chrono Boost)  
  37  8:32  Probe (Chrono Boost)  
  37  8:33  Probe x2 (Chrono Boost)  
  40  9:03  Probe x2 (Chrono Boost)  
  40  9:04  Probe (Chrono Boost)  
  43  9:19  Probe (Chrono Boost)  
  43  9:20  Probe x2 (Chrono Boost)  
  46  9:48  Probe (Chrono Boost)  
  47  9:56  Probe (Chrono Boost)  
  48  10:00  Probe (Chrono Boost)  
  48  10:01  Probe (Chrono Boost)  
  48  10:09  Probe (Chrono Boost)  
  51  10:13  Probe (Chrono Boost)  
  51  10:14  Probe (Chrono Boost)  
  53  10:22  Probe (Chrono Boost)  
  53  10:26  Probe (Chrono Boost)  
  53  10:27  Probe (Chrono Boost)  
  56  10:35  Probe (Chrono Boost)  
  56  10:39  Probe (Chrono Boost)  
  58  10:40  Probe (Chrono Boost)  
  58  10:48  Probe (Chrono Boost)  
  60  10:52  Probe (Chrono Boost)  
  60  10:53  Probe (Chrono Boost)  
  62  11:01  Probe (Chrono Boost)  
  62  11:05  Probe (Chrono Boost)  
  62  11:06  Probe (Chrono Boost)  
  65  11:18  Probe (Chrono Boost)  
  65  11:19  Probe (Chrono Boost)  
  67  11:32  Probe (Chrono Boost)  
  68  11:49  Death Council  
  68  11:54  Forge  
  68  11:56  Cloaking Module, Forge  
  68  12:07  Mothership  
  68  12:56  Bloodshard Resonance  
  68  13:07  Telekinesis, Imposing Presence  
  68  13:09  Blood Shields  
  68  13:19  Pylon  
  68  13:24  Pylon  
  68  13:30  Probe (Chrono Boost)  
  69  14:09  Soul Augmentation  
  69  14:26  Detect Weakness  
  69  15:34  Protoss Ground Weapons Level 1, Protoss Air Weapons Level 1  
  69  15:35  Protoss Shields Level 1  
  69  16:17  Mothership  
Tags
 
Add a new tag
Caveats
  • Supply blocks, unpowered buildings, or Contaminate may cause inaccurate times.
  • Supply counts are checked every 10 seconds.